Devils vs Rangers

Created - March 24, 2017 at 17:24

Goals
1 2 3 OT1 SO T
Devils 2 0 2 0 2 5
Rangers 0 2 2 0 0 4
Shots
1 2 3 OT1 SO T
Devils 13 8 13 4 2 38
Rangers 5 14 4 4 2 27

1st period

1. Devils , Brandon Sutter 30 (James Neal, Shayne Gostisbehere) at 1:17
2. Devils , Colin Greening 8 (Ales Hemsky) at 12:26

Penalties :
No Penalty

2nd period

3. Rangers , Mark Letestu 5 (Ondrej Palat) at 11:40
4. Rangers , Ondrej Palat 24 (Michael Del Zotto, Alex Goligoski) at 15:00

Penalties :
Tommy Wingels (NJD) for Holding (Minor) at 3:57, Oliver Ekman-Larsson (NYR) for Hooking (Minor) at 13:45, Drew Stafford (NJD) for Goalie Interference (Minor) at 13:45, Oliver Ekman-Larsson (NYR) for High sticking (Minor) at 15:54, Oliver Ekman-Larsson (NYR) for Hooking (Minor) at 19:24

3rd period

5. Rangers , Alex Goligoski 12 (Ondrej Palat, Mark Letestu) at 3:38 (PP)
6. Rangers , Ondrej Palat 25 (Phillip Danault) at 5:25
7. Devils , Brandon Sutter 31 (Drew Stafford, Trevor Daley) at 12:45 (PP)
8. Devils , James Neal 31 (Dougie Hamilton, Brandon Sutter) at 17:31

Penalties :
Tommy Wingels (NJD) for Hooking (Minor) at 2:49, Nick Schultz (NYR) for Hooking (Minor) at 7:25, Cedric Paquette (NYR) for Holding (Minor) at 11:14, Cedric Paquette (NYR) for Holding (Minor) at 13:41

Overtime #1

No Goal

Penalties :
No Penalty

Shootout

Penalty Shot by Mikko Koivu for Devils - Goal!
Penalty Shot by Oliver Ekman-Larsson for Rangers - Stopped by Corey Crawford
Penalty Shot by James Neal for Devils - Goal!
Penalty Shot by Connor McDavid for Rangers - Stopped by Corey Crawford

Penalties :
No Penalty

Goalie Stats

Corey Crawford (NJD), 23 saves from 27 shots - (0.852), W, 33-14-10, 65:00 minutes
Scott Darling (NYR), 34 saves from 38 shots - (0.895), OTL, 10-17-8, 65:00 minutes

Players Stats for Devils

Player Name              G  A  P  +/- PIM S  H  SB GA TA FO     MP     PP MP  PK MP  
------------------------------------------------------------------------------------
Ales Hemsky              0  1  1   0  0   3  0  0  0  0  1/1    12:40   0:00   0:00 
Brandon Sutter           2  1  3   1  0   6  1  0  0  0  11/26  19:39   4:35   0:00 
Colin Greening           1  0  1   0  0   4  1  0  0  0  5/18   13:32   0:34   0:00 
Darren Helm              0  0  0   0  0   0  0  0  0  0  7/11    8:57   0:00   0:00 
Dennis Seidenberg        0  0  0   1  0   2  4  2  0  0  0/0    22:00   0:00   0:46 
Dougie Hamilton          0  1  1   0  0   2  2  5  0  0  0/0    24:49   4:30   0:00 
Drew Stafford            0  1  1   1  2   3  0  0  0  0  2/3    18:32   4:35   1:33 
James Neal               1  1  2   1  0   5  2  0  0  0  2/2    19:55   4:52   0:00 
Johan Franzen            0  0  0   0  0   1  0  0  0  0  0/2     8:57   0:00   0:00 
Michal Rozsival          0  0  0   0  0   2  4  2  0  0  0/0    20:24   4:57   2:02 
Miikka Salomaki          0  0  0   0  0   0  0  0  0  0  0/0     8:57   0:00   0:00 
Mikko Koivu              0  0  0  -1  0   4  3  0  0  0  17/29  21:39   4:52   1:15 
Ryan Pulock              0  0  0   0  0   0  0  0  0  0  0/0    14:11   0:00   2:02 
Shayne Gostisbehere      0  1  1   0  0   0  0  2  0  0  0/0    23:56   4:30   0:08 
Tommy Wingels            0  0  0   0  4   0  3  0  0  0  1/1    12:38   0:00   0:00 
Trevor Daley             0  1  1  -1  0   1  0  3  0  0  0/0    24:40   4:57   0:38 
Tyler Johnson            0  0  0  -1  0   2  1  0  0  0  2/5    20:31   4:52   1:33 
Valtteri Filppula        0  0  0   0  0   3  0  0  0  0  2/2    19:13   4:01   1:15 

Players Stats for Rangers

Player Name              G  A  P  +/- PIM S  H  SB GA TA FO     MP     PP MP  PK MP  
------------------------------------------------------------------------------------
Alex Goligoski           1  1  2  -2  0   1  2  1  0  0  0/0    25:22   2:19   6:11 
Benoit Pouliot           0  0  0   0  0   1  0  0  0  0  1/2    15:41   0:00   3:57 
Brandon Pirri            0  0  0   0  0   1  0  0  0  0  7/10    8:02   0:00   0:30 
Cedric Paquette          0  0  0   0  4   2  2  0  0  0  6/18   11:19   0:00   2:23 
Connor McDavid           0  0  0  -1  0   4  3  0  0  0  13/23  18:53   0:29   0:00 
Conor Sheary             0  0  0  -1  0   1  2  0  0  0  1/1    17:09   0:29   0:00 
Craig Smith              0  0  0  -1  0   4  1  0  0  0  0/1    19:27   0:29   0:00 
Dale Weise               0  0  0   0  0   2  3  0  0  0  0/0     9:24   0:00   0:00 
David Jones              0  0  0   0  0   1  0  0  0  0  0/0     5:16   0:00   0:00 
Justin Falk              0  0  0   1  0   0  2  0  0  0  0/0    15:00   0:00   0:35 
Landon Ferraro           0  0  0   0  0   0  0  0  0  0  0/0     5:16   0:00   0:00 
Mark Letestu             1  1  2   0  0   2  0  1  0  0  8/13   22:41   2:19   5:30 
Matt Niskanen            0  0  0  -3  0   1  1  1  0  0  0/0    25:40   0:29   4:39 
Michael Del Zotto        0  1  1   2  0   1  2  4  0  0  0/0    25:18   2:19   4:29 
Nick Schultz             0  0  0   1  2   1  1  2  0  0  0/0    12:23   0:00   0:00 
Oliver Ekman-Larsson     0  0  0   1  6   1  4  4  0  0  0/0    26:13   0:29   3:00 
Ondrej Palat             2  2  4   1  0   4  3  0  0  0  0/2    19:06   2:19   1:04 
Phillip Danault          0  1  1   1  0   0  2  0  0  0  14/30  26:18   2:19   5:30 

3 Stars

1 - Ondrej Palat (NYR)
2 - Brandon Sutter (NJD)
3 - James Neal (NJD)

Power Play

Devils - 1 on 5 Attempt(s) - 20.00%
Rangers - 1 on 2 Attempt(s) - 50.00%

Penalty Kill

Devils - 1 on 2 Attempt(s) - 50.00% - Score 0 goal in Penalty Kill
Rangers - 4 on 5 Attempt(s) - 80.00% - Score 0 goal in Penalty Kill

Team Stat

Devils - Hits : 21 - Faceoff Wins : 50 - Blocked Shots : 14 - Penalty Minutes : 6
Rangers - Hits : 28 - Faceoff Wins : 50 - Blocked Shots : 13 - Penalty Minutes : 12

Official

Referees : Jacob Brenk and Tom Chmielewski
Linesman : Darren Gibbs and Michel Cormier

Game Notes

No Game Note

Finance

Level 1 -- Attendance: 4294 (66.06%) -- Ticket Income $536,750
Level 2 -- Attendance: 4880 (97.60%) -- Ticket Income $366,000
Level 3 -- Attendance: 3443 (98.37%) -- Ticket Income $172,150
Level 4 -- Attendance: 2006 (100.00%) -- Ticket Income $50,150
Luxury Box -- Attendance: 675 (67.50%) -- Ticket Income $168,750
Game was played at the Madison Square Garden.
Total Attendance: 15298 (84.96%)
Total Ticket Income: $1,293,800
Other Income: $194,070
Total Income: $1,487,870

% Time on Ice - Devils

Lines # - Real PCT - Wanted PCT - Time Play
Normal Forward
1 - 26% - 29% - 12:02
2 - 26% - 28% - 12:07
3 - 28% - 25% - 12:40
4 - 20% - 18% - 8:57
Normal Defense
1 - 37% - 37% - 16:43
2 - 38% - 37% - 17:12
3 - 25% - 26% - 11:30
4 - 1% - 0% - 0:21
PP Forward
1 - 51% - 50% - 4:52
2 - 49% - 50% - 4:35
PP Defense
1 - 48% - 60% - 4:30
2 - 52% - 40% - 4:57
PK Forward
1 - 45% - 50% - 1:15
2 - 55% - 50% - 1:33
PK Defense
1 - 27% - 70% - 0:46
2 - 73% - 30% - 2:02
PK3 Forward
1 - 0% - 60%
2 - 0% - 40%
PK3 Defense
1 - 0% - 70%
2 - 0% - 30%
44 Forward
1 - 29% - 50% - 0:34
2 - 71% - 50% - 1:25
44 Defense
1 - 56% - 50% - 1:07
2 - 44% - 50% - 0:52
Last Minute Offensive  - 0:00
Last Minute Defensive  - 0:00
Total
Forward - 60:00
Defense - 60:00

% Time on Ice - Rangers

Lines # - Real PCT - Wanted PCT - Time Play
Normal Forward
1 - 36% - 34% - 16:40
2 - 32% - 34% - 14:52
3 - 20% - 20% - 8:58
4 - 12% - 12% - 5:16
Normal Defense
1 - 39% - 43% - 17:39
2 - 30% - 33% - 13:41
3 - 26% - 24% - 11:47
4 - 6% - 0% - 2:39
PP Forward
1 - 17% - 50% - 0:29
2 - 83% - 50% - 2:19
PP Defense
1 - 83% - 50% - 2:19
2 - 17% - 50% - 0:29
PK Forward
1 - 58% - 55% - 5:30
2 - 42% - 45% - 3:57
PK Defense
1 - 72% - 60% - 6:46
2 - 28% - 40% - 2:41
PK3 Forward
1 - 0% - 60%
2 - 0% - 40%
PK3 Defense
1 - 0% - 60%
2 - 0% - 40%
44 Forward
1 - 57% - 50% - 1:08
2 - 43% - 50% - 0:51
44 Defense
1 - 43% - 55% - 0:51
2 - 57% - 45% - 1:08
Last Minute Offensive  - 0:00
Last Minute Defensive  - 0:00
Total
Forward - 60:00
Defense - 60:00

Play by Play

1st period


0:01 of 1st period - Connor McDavid wins face-off versus Mikko Koivu in neutral zone.
0:01 of 1st period - Connor McDavid is hit by Mikko Koivu.
0:06 of 1st period - Michael Del Zotto is hit by Tyler Johnson and loses puck.
0:42 of 1st period - Valtteri Filppula is hit by Michael Del Zotto and loses puck.
0:55 of 1st period - Shot by Brandon Sutter.
0:55 of 1st period - Shot Misses the Net.
1:17 of 1st period - Shot by Brandon Sutter.
1:17 of 1st period - Goal by Brandon Sutter - Devils : 1 - Rangers : 0.
1:18 of 1st period - Phillip Danault wins face-off versus Colin Greening in neutral zone.
1:31 of 1st period - Shot by Justin Falk.
1:31 of 1st period - Shot Misses the Net.
2:42 of 1st period - Off-side.
2:43 of 1st period - Brandon Pirri wins face-off versus Drew Stafford in neutral zone.
3:58 of 1st period - Shot by Ondrej Palat.
3:58 of 1st period - Shot Misses the Net.
4:44 of 1st period - Shot by Mikko Koivu.
4:44 of 1st period - Stopped by Scott Darling without a rebound.
4:45 of 1st period - Cedric Paquette wins face-off versus Mikko Koivu in Rangers zone.
4:47 of 1st period - Michael Del Zotto is hit by Mikko Koivu and loses puck.
5:53 of 1st period - Shot by Dougie Hamilton.
5:53 of 1st period - Shot Misses the Net.
6:09 of 1st period - Shot by Craig Smith.
6:09 of 1st period - Shot Misses the Net.
6:11 of 1st period - Shot by Craig Smith.
6:11 of 1st period - Shot Blocked by Dougie Hamilton.
6:57 of 1st period - Drew Stafford is hit by Ondrej Palat and loses puck.
7:25 of 1st period - Icing by Oliver Ekman-Larsson.
7:26 of 1st period - Brandon Pirri wins face-off versus Mikko Koivu in Rangers zone.
7:43 of 1st period - Shot by Mikko Koivu.
7:43 of 1st period - Stopped by Scott Darling without a rebound.
7:44 of 1st period - Colin Greening wins face-off versus Connor McDavid in Rangers zone.
7:45 of 1st period - Shot by Dougie Hamilton.
7:45 of 1st period - Stopped by Scott Darling with a rebound.
8:19 of 1st period - Icing by Ales Hemsky.
8:20 of 1st period - Benoit Pouliot wins face-off versus Colin Greening in Devils zone.
8:39 of 1st period - Icing by Alex Goligoski.
8:40 of 1st period - Tyler Johnson wins face-off versus Cedric Paquette in Rangers zone.
8:45 of 1st period - Shot by Mikko Koivu.
8:45 of 1st period - Deflect By Valtteri Filppula.
8:45 of 1st period - Shot Misses the Net.
8:47 of 1st period - Shot by Dennis Seidenberg.
8:47 of 1st period - Stopped by Scott Darling with a rebound.
9:05 of 1st period - Shot by Tyler Johnson.
9:05 of 1st period - Shot Blocked by Matt Niskanen.
9:07 of 1st period - Shot by Dennis Seidenberg.
9:07 of 1st period - Shot Misses the Net.
9:09 of 1st period - Shot by Valtteri Filppula.
9:09 of 1st period - Shot Misses the Net.
9:15 of 1st period - Shot by Valtteri Filppula.
9:15 of 1st period - Stopped by Scott Darling with a rebound.
9:17 of 1st period - Shot by Valtteri Filppula.
9:17 of 1st period - Shot Misses the Net.
9:19 of 1st period - Shot by Mikko Koivu.
9:19 of 1st period - Stopped by Scott Darling without a rebound.
9:20 of 1st period - Darren Helm wins face-off versus Phillip Danault in Rangers zone.
9:21 of 1st period - Shot by Miikka Salomaki.
9:21 of 1st period - Shot Misses the Net.
9:24 of 1st period - Icing by Mark Letestu.
9:25 of 1st period - Phillip Danault wins face-off versus Brandon Sutter in Rangers zone.
9:27 of 1st period - Icing by Oliver Ekman-Larsson.
9:28 of 1st period - Phillip Danault wins face-off versus Darren Helm in Rangers zone.
9:37 of 1st period - Icing by Darren Helm.
9:38 of 1st period - Conor Sheary wins face-off versus Darren Helm in Devils zone.
9:45 of 1st period - Shot by Connor McDavid.
9:45 of 1st period - Shot Blocked by Michal Rozsival.
10:01 of 1st period - Shot by Connor McDavid.
10:01 of 1st period - Stopped by Corey Crawford without a rebound.
10:02 of 1st period - Phillip Danault wins face-off versus Brandon Sutter in Devils zone.
10:02 of 1st period - Phillip Danault is hit by Dennis Seidenberg.
10:19 of 1st period - Icing by Shayne Gostisbehere.
10:20 of 1st period - Brandon Sutter wins face-off versus Connor McDavid in Devils zone.
10:24 of 1st period - Off-side.
10:25 of 1st period - Mikko Koivu wins face-off versus Ondrej Palat in neutral zone.
10:25 of 1st period - Mikko Koivu is hit by Ondrej Palat.
10:46 of 1st period - Valtteri Filppula is hit by Oliver Ekman-Larsson and loses puck.
10:49 of 1st period - Shot by Mikko Koivu.
10:49 of 1st period - Shot Blocked by Michael Del Zotto.
10:51 of 1st period - Shot by Trevor Daley.
10:51 of 1st period - Stopped by Scott Darling with a rebound.
10:53 of 1st period - Shot by Tyler Johnson.
10:53 of 1st period - Shot Misses the Net.
10:55 of 1st period - Shot by Valtteri Filppula.
10:55 of 1st period - Shot Misses the Net.
11:25 of 1st period - James Neal is hit by Michael Del Zotto and loses puck.
11:48 of 1st period - Shot by Brandon Sutter.
11:48 of 1st period - Stopped by Scott Darling with a rebound.
12:24 of 1st period - Shot by Colin Greening.
12:24 of 1st period - Shot Misses the Net.
12:26 of 1st period - Shot by Colin Greening.
12:26 of 1st period - Goal by Colin Greening - Devils : 2 - Rangers : 0.
12:27 of 1st period - Brandon Pirri wins face-off versus Darren Helm in neutral zone.
12:52 of 1st period - Shot by David Jones.
12:52 of 1st period - Stopped by Corey Crawford with a rebound.
13:03 of 1st period - Shot by Brandon Pirri.
13:03 of 1st period - Shot Blocked by Trevor Daley.
13:16 of 1st period - Icing by Brandon Pirri.
13:17 of 1st period - Brandon Pirri wins face-off versus Colin Greening in Rangers zone.
13:17 of 1st period - Brandon Pirri is hit by Tommy Wingels.
13:22 of 1st period - Nick Schultz is hit by Tommy Wingels and loses puck.
13:28 of 1st period - Icing by Nick Schultz.
13:29 of 1st period - Mikko Koivu wins face-off versus Brandon Pirri in Rangers zone.
13:29 of 1st period - Mikko Koivu is hit by Justin Falk.
13:40 of 1st period - Tyler Johnson is hit by Nick Schultz and loses puck.
13:43 of 1st period - Shot by Mikko Koivu.
13:43 of 1st period - Shot Blocked by Nick Schultz.
13:45 of 1st period - Shot by Valtteri Filppula.
13:45 of 1st period - Stopped by Scott Darling without a rebound.
13:46 of 1st period - Brandon Sutter wins face-off versus Connor McDavid in Rangers zone.
13:58 of 1st period - Icing by Alex Goligoski.
13:59 of 1st period - Connor McDavid wins face-off versus Colin Greening in Rangers zone.
13:59 of 1st period - Connor McDavid is hit by Tommy Wingels.
14:17 of 1st period - Shot by Connor McDavid.
14:17 of 1st period - Stopped by Corey Crawford without a rebound.
14:18 of 1st period - Mikko Koivu wins face-off versus Cedric Paquette in Devils zone.
14:18 of 1st period - Mikko Koivu is hit by Cedric Paquette.
14:21 of 1st period - Icing by Tyler Johnson.
14:22 of 1st period - Mikko Koivu wins face-off versus Cedric Paquette in Devils zone.
14:57 of 1st period - Icing by Trevor Daley.
14:58 of 1st period - Mikko Koivu wins face-off versus Connor McDavid in Devils zone.
15:06 of 1st period - Tyler Johnson is hit by Alex Goligoski and loses puck.
15:10 of 1st period - Icing by Matt Niskanen.
15:11 of 1st period - Connor McDavid wins face-off versus Brandon Sutter in Rangers zone.
15:49 of 1st period - Connor McDavid is hit by Dennis Seidenberg and loses puck.
16:10 of 1st period - Shot by Ondrej Palat.
16:10 of 1st period - Shot Misses the Net.
16:12 of 1st period - Shot by Michael Del Zotto.
16:12 of 1st period - Shot Blocked by Shayne Gostisbehere.
16:28 of 1st period - Shot by Mark Letestu.
16:28 of 1st period - Stopped by Corey Crawford without a rebound.
16:29 of 1st period - Cedric Paquette wins face-off versus Colin Greening in Devils zone.
16:29 of 1st period - Cedric Paquette is hit by Michal Rozsival.
17:04 of 1st period - Off-side.
17:05 of 1st period - Phillip Danault wins face-off versus Johan Franzen in neutral zone.
17:40 of 1st period - Shot by Oliver Ekman-Larsson.
17:40 of 1st period - Shot Misses the Net.
18:06 of 1st period - Connor McDavid is hit by Michal Rozsival.
18:07 of 1st period - Icing by Connor McDavid.
18:08 of 1st period - Connor McDavid wins face-off versus Colin Greening in Rangers zone.
18:25 of 1st period - Shot by Connor McDavid.
18:25 of 1st period - Shot Misses the Net.
18:27 of 1st period - Shot by Matt Niskanen.
18:27 of 1st period - Stopped by Corey Crawford without a rebound.
18:28 of 1st period - Mikko Koivu wins face-off versus Cedric Paquette in Devils zone.
18:47 of 1st period - Shot by Tyler Johnson.
18:47 of 1st period - Shot Misses the Net.
18:49 of 1st period - Shot by Tyler Johnson.
18:49 of 1st period - Shot Blocked by Nick Schultz.
18:51 of 1st period - Shot by Michal Rozsival.
18:51 of 1st period - Stopped by Scott Darling without a rebound.
18:52 of 1st period - Connor McDavid wins face-off versus Colin Greening in Rangers zone.
19:28 of 1st period - Icing by Tommy Wingels.
19:29 of 1st period - Colin Greening wins face-off versus Phillip Danault in Devils zone.
19:29 of 1st period - Colin Greening is hit by Ondrej Palat.
19:39 of 1st period - Shot by Ales Hemsky.
19:39 of 1st period - Stopped by Scott Darling without a rebound.
19:40 of 1st period - Cedric Paquette wins face-off versus Brandon Sutter in Rangers zone.
Goals for this period are 2 for Devils vs 0 for Rangers.
Shots for this period are 13 for Devils vs 5 for Rangers.

2nd period


0:01 of 2nd period - Connor McDavid wins face-off versus Mikko Koivu in neutral zone.
0:31 of 2nd period - Off-side.
0:32 of 2nd period - Brandon Sutter wins face-off versus Phillip Danault in neutral zone.
0:39 of 2nd period - Shot by James Neal.
0:39 of 2nd period - Stopped by Scott Darling without a rebound.
0:40 of 2nd period - Phillip Danault wins face-off versus Johan Franzen in Rangers zone.
0:51 of 2nd period - Shot by Phillip Danault.
0:51 of 2nd period - Shot Misses the Net.
0:56 of 2nd period - Shayne Gostisbehere is hit by Alex Goligoski and loses puck.
1:44 of 2nd period - Dennis Seidenberg is hit by Connor McDavid.
1:47 of 2nd period - Icing by Shayne Gostisbehere.
1:48 of 2nd period - Brandon Pirri wins face-off versus Darren Helm in Devils zone.
1:51 of 2nd period - Shot by David Jones.
1:51 of 2nd period - Shot Hit the Post.
2:22 of 2nd period - Shot by Brandon Pirri.
2:22 of 2nd period - Shot Misses the Net.
2:35 of 2nd period - Icing by Dougie Hamilton.
2:36 of 2nd period - Connor McDavid wins face-off versus Brandon Sutter in Devils zone.
2:56 of 2nd period - Craig Smith is hit by Dougie Hamilton and loses puck.
3:15 of 2nd period - Shot by Craig Smith.
3:15 of 2nd period - Stopped by Corey Crawford with a rebound.
3:48 of 2nd period - Icing by Mark Letestu.
3:49 of 2nd period - Tommy Wingels wins face-off versus Mark Letestu in Rangers zone.
3:57 of 2nd period - Minor Penalty to Tommy Wingels for Holding.
3:58 of 2nd period - Connor McDavid wins face-off versus Mikko Koivu in Devils zone.
4:16 of 2nd period - Shot by Oliver Ekman-Larsson.
4:16 of 2nd period - Stopped by Corey Crawford without a rebound.
4:17 of 2nd period - Mark Letestu wins face-off versus Mikko Koivu in Devils zone.
4:46 of 2nd period - Shot by Phillip Danault.
4:46 of 2nd period - Shot Misses the Net.
6:18 of 2nd period - Shot by Benoit Pouliot.
6:18 of 2nd period - Shot Misses the Net.
6:20 of 2nd period - Shot by Cedric Paquette.
6:20 of 2nd period - Stopped by Corey Crawford without a rebound.
6:21 of 2nd period - Darren Helm wins face-off versus Connor McDavid in Devils zone.
6:23 of 2nd period - Johan Franzen is hit by Conor Sheary and loses puck.
7:39 of 2nd period - Shot by Cedric Paquette.
7:39 of 2nd period - Shot Misses the Net.
7:41 of 2nd period - Shot by Nick Schultz.
7:41 of 2nd period - Shot Misses the Net.
7:43 of 2nd period - Shot by Nick Schultz.
7:43 of 2nd period - Shot Misses the Net.
7:45 of 2nd period - Shot by Cedric Paquette.
7:45 of 2nd period - Stopped by Corey Crawford without a rebound.
7:46 of 2nd period - Colin Greening wins face-off versus Brandon Pirri in Devils zone.
8:21 of 2nd period - Shot by Colin Greening.
8:21 of 2nd period - Shot Misses the Net.
8:23 of 2nd period - Shot by Colin Greening.
8:23 of 2nd period - Stopped by Scott Darling without a rebound.
8:24 of 2nd period - Brandon Sutter wins face-off versus Phillip Danault in Rangers zone.
8:41 of 2nd period - Shot by Phillip Danault.
8:41 of 2nd period - Shot Blocked by Trevor Daley.
9:06 of 2nd period - Shot by Phillip Danault.
9:06 of 2nd period - Shot Misses the Net.
9:15 of 2nd period - Icing by Dougie Hamilton.
9:16 of 2nd period - James Neal wins face-off versus Connor McDavid in Devils zone.
9:29 of 2nd period - Shot by Craig Smith.
9:29 of 2nd period - Shot Misses the Net.
9:32 of 2nd period - Icing by Michal Rozsival.
9:33 of 2nd period - Mikko Koivu wins face-off versus Cedric Paquette in Devils zone.
9:33 of 2nd period - Mikko Koivu is hit by Dale Weise.
10:07 of 2nd period - Shot by Valtteri Filppula.
10:07 of 2nd period - Shot Misses the Net.
10:52 of 2nd period - Alex Goligoski is hit by Dennis Seidenberg and loses puck.
11:18 of 2nd period - Shot by Tommy Wingels.
11:18 of 2nd period - Shot Misses the Net.
11:20 of 2nd period - Shot by Ales Hemsky.
11:20 of 2nd period - Stopped by Scott Darling without a rebound.
11:21 of 2nd period - Brandon Sutter wins face-off versus Phillip Danault in Rangers zone.
11:40 of 2nd period - Shot by Mark Letestu.
11:40 of 2nd period - Goal by Mark Letestu - Devils : 2 - Rangers : 1.
11:41 of 2nd period - Darren Helm wins face-off versus Cedric Paquette in neutral zone.
11:41 of 2nd period - Darren Helm is hit by Dale Weise.
11:45 of 2nd period - Shot by Dennis Seidenberg.
11:45 of 2nd period - Stopped by Scott Darling without a rebound.
11:46 of 2nd period - Phillip Danault wins face-off versus Colin Greening in Rangers zone.
12:00 of 2nd period - Shot by Ondrej Palat.
12:00 of 2nd period - Shot Misses the Net.
12:08 of 2nd period - Shot by Mark Letestu.
12:08 of 2nd period - Shot Misses the Net.
12:10 of 2nd period - Shot by Mark Letestu.
12:10 of 2nd period - Shot Misses the Net.
12:28 of 2nd period - Shot by Ondrej Palat.
12:28 of 2nd period - Stopped by Corey Crawford without a rebound.
12:29 of 2nd period - Connor McDavid wins face-off versus Mikko Koivu in Devils zone.
12:34 of 2nd period - Shot by Connor McDavid.
12:34 of 2nd period - Stopped by Corey Crawford without a rebound.
12:35 of 2nd period - Mikko Koivu wins face-off versus Connor McDavid in Devils zone.
12:35 of 2nd period - Mikko Koivu is hit by Conor Sheary.
12:48 of 2nd period - Shot by Connor McDavid.
12:48 of 2nd period - Shot Misses the Net.
12:50 of 2nd period - Shot by Craig Smith.
12:50 of 2nd period - Shot Misses the Net.
12:54 of 2nd period - Shot by Connor McDavid.
12:54 of 2nd period - Deflect By Craig Smith.
12:54 of 2nd period - Shot Misses the Net.
12:56 of 2nd period - Shot by Conor Sheary.
12:56 of 2nd period - Stopped by Corey Crawford with a rebound.
12:58 of 2nd period - Shot by Conor Sheary.
12:58 of 2nd period - Shot Misses the Net.
13:04 of 2nd period - Shot by Connor McDavid.
13:04 of 2nd period - Deflect By Craig Smith.
13:04 of 2nd period - Shot Misses the Net.
13:06 of 2nd period - Shot by Craig Smith.
13:06 of 2nd period - Stopped by Corey Crawford with a rebound.
13:08 of 2nd period - Shot by Craig Smith.
13:08 of 2nd period - Shot Misses the Net.
13:45 of 2nd period - Minor Penalty to Oliver Ekman-Larsson for Hooking.
13:45 of 2nd period - Minor Penalty to Drew Stafford for Goalie Interference.
13:46 of 2nd period - Brandon Sutter wins face-off versus Phillip Danault in Rangers zone.
13:53 of 2nd period - Shot by Colin Greening.
13:53 of 2nd period - Stopped by Scott Darling with a rebound.
14:03 of 2nd period - Shot by Ondrej Palat.
14:03 of 2nd period - Stopped by Corey Crawford without a rebound.
14:04 of 2nd period - Connor McDavid wins face-off versus Brandon Sutter in Devils zone.
14:15 of 2nd period - Shot by Benoit Pouliot.
14:15 of 2nd period - Shot Misses the Net.
14:27 of 2nd period - Shot by Brandon Sutter.
14:27 of 2nd period - Stopped by Scott Darling without a rebound.
14:28 of 2nd period - Mikko Koivu wins face-off versus Phillip Danault in Rangers zone.
14:46 of 2nd period - Shot by Ondrej Palat.
14:46 of 2nd period - Shot Misses the Net.
14:48 of 2nd period - Shot by Ondrej Palat.
14:48 of 2nd period - Shot Misses the Net.
14:56 of 2nd period - Shot by Ondrej Palat.
14:56 of 2nd period - Shot Misses the Net.
14:58 of 2nd period - Shot by Michael Del Zotto.
14:58 of 2nd period - Shot Blocked by Trevor Daley.
15:00 of 2nd period - Shot by Michael Del Zotto.
15:00 of 2nd period - Deflect By Ondrej Palat.
15:00 of 2nd period - Goal by Ondrej Palat - Devils : 2 - Rangers : 2.
15:01 of 2nd period - Connor McDavid wins face-off versus Brandon Sutter in neutral zone.
15:31 of 2nd period - Shot by Connor McDavid.
15:31 of 2nd period - Shot Misses the Net.
15:51 of 2nd period - Shot by Colin Greening.
15:51 of 2nd period - Shot Misses the Net.
15:53 of 2nd period - Shot by Ales Hemsky.
15:53 of 2nd period - Shot Misses the Net.
15:54 of 2nd period - Minor Penalty to Oliver Ekman-Larsson for High sticking.
15:55 of 2nd period - Mark Letestu wins face-off versus Mikko Koivu in Rangers zone.
16:31 of 2nd period - Shot by Michal Rozsival.
16:31 of 2nd period - Shot Blocked by Mark Letestu.
16:35 of 2nd period - Shot by James Neal.
16:35 of 2nd period - Stopped by Scott Darling with a rebound.
16:48 of 2nd period - Icing by Shayne Gostisbehere.
16:49 of 2nd period - Cedric Paquette wins face-off versus Brandon Sutter in Devils zone.
17:00 of 2nd period - Shot by Shayne Gostisbehere.
17:00 of 2nd period - Shot Blocked by Alex Goligoski.
17:21 of 2nd period - Shot by Cedric Paquette.
17:21 of 2nd period - Shot Blocked by Dougie Hamilton.
17:27 of 2nd period - Shot by Benoit Pouliot.
17:27 of 2nd period - Shot Misses the Net.
17:29 of 2nd period - Shot by Benoit Pouliot.
17:29 of 2nd period - Deflect By Cedric Paquette.
17:29 of 2nd period - Shot Blocked by Dougie Hamilton.
17:31 of 2nd period - Shot by Michael Del Zotto.
17:31 of 2nd period - Stopped by Corey Crawford with a rebound.
17:33 of 2nd period - Shot by Cedric Paquette.
17:33 of 2nd period - Shot Misses the Net.
18:40 of 2nd period - Icing by Tommy Wingels.
18:41 of 2nd period - Brandon Pirri wins face-off versus Colin Greening in Devils zone.
18:41 of 2nd period - Brandon Pirri is hit by Michal Rozsival.
18:43 of 2nd period - Shot by Landon Ferraro.
18:43 of 2nd period - Deflect By Brandon Pirri.
18:43 of 2nd period - Stopped by Corey Crawford without a rebound.
18:44 of 2nd period - Darren Helm wins face-off versus Ondrej Palat in Devils zone.
19:01 of 2nd period - Shot by Johan Franzen.
19:01 of 2nd period - Stopped by Scott Darling without a rebound.
19:02 of 2nd period - Cedric Paquette wins face-off versus Brandon Sutter in Rangers zone.
19:07 of 2nd period - Shot by Dale Weise.
19:07 of 2nd period - Stopped by Corey Crawford without a rebound.
19:08 of 2nd period - Darren Helm wins face-off versus Phillip Danault in Devils zone.
19:08 of 2nd period - Dougie Hamilton is hit by Phillip Danault and loses puck.
19:24 of 2nd period - Minor Penalty to Oliver Ekman-Larsson for Hooking.
19:25 of 2nd period - Mark Letestu wins face-off versus Mikko Koivu in Rangers zone.
19:51 of 2nd period - Shot by Tyler Johnson.
19:51 of 2nd period - Shot Misses the Net.
Goals for this period are 0 for Devils vs 2 for Rangers.
Shots for this period are 8 for Devils vs 14 for Rangers.

3rd period


0:01 of 3rd period - Drew Stafford wins face-off versus Mark Letestu in neutral zone.
0:04 of 3rd period - Shot by Shayne Gostisbehere.
0:04 of 3rd period - Deflect By Drew Stafford.
0:04 of 3rd period - Stopped by Scott Darling without a rebound.
0:05 of 3rd period - Mark Letestu wins face-off versus Brandon Sutter in Rangers zone.
0:10 of 3rd period - Shot by Shayne Gostisbehere.
0:10 of 3rd period - Shot Misses the Net.
0:20 of 3rd period - Shot by Dougie Hamilton.
0:20 of 3rd period - Shot Hit the Post.
0:22 of 3rd period - Shot by Valtteri Filppula.
0:22 of 3rd period - Stopped by Scott Darling without a rebound.
0:23 of 3rd period - Mikko Koivu wins face-off versus Mark Letestu in Rangers zone.
1:04 of 3rd period - Trevor Daley is hit by Phillip Danault and loses puck.
1:11 of 3rd period - Mark Letestu is hit by James Neal and loses puck.
1:36 of 3rd period - Dennis Seidenberg is hit by Craig Smith and loses puck.
1:43 of 3rd period - Shot by Ales Hemsky.
1:43 of 3rd period - Shot Misses the Net.
1:45 of 3rd period - Shot by Ales Hemsky.
1:45 of 3rd period - Stopped by Scott Darling without a rebound.
1:46 of 3rd period - Darren Helm wins face-off versus Cedric Paquette in Rangers zone.
1:46 of 3rd period - Dougie Hamilton is hit by Oliver Ekman-Larsson.
2:49 of 3rd period - Minor Penalty to Tommy Wingels for Hooking.
2:50 of 3rd period - Tyler Johnson wins face-off versus Phillip Danault in Devils zone.
3:06 of 3rd period - Icing by Phillip Danault.
3:07 of 3rd period - Phillip Danault wins face-off versus Tyler Johnson in Rangers zone.
3:13 of 3rd period - Phillip Danault is hit by Michal Rozsival and loses puck.
3:22 of 3rd period - Shot by Phillip Danault.
3:22 of 3rd period - Shot Blocked by Michal Rozsival.
3:24 of 3rd period - Shot by Michael Del Zotto.
3:24 of 3rd period - Shot Misses the Net.
3:26 of 3rd period - Shot by Michael Del Zotto.
3:26 of 3rd period - Shot Misses the Net.
3:38 of 3rd period - Shot by Alex Goligoski.
3:38 of 3rd period - Goal by Alex Goligoski - Devils : 2 - Rangers : 3.
3:39 of 3rd period - Connor McDavid wins face-off versus Colin Greening in neutral zone.
3:44 of 3rd period - Shot by Justin Falk.
3:44 of 3rd period - Shot Blocked by Dennis Seidenberg.
3:54 of 3rd period - Shot by Colin Greening.
3:54 of 3rd period - Stopped by Scott Darling without a rebound.
3:55 of 3rd period - Darren Helm wins face-off versus Cedric Paquette in Rangers zone.
4:08 of 3rd period - Shot by Dale Weise.
4:08 of 3rd period - Stopped by Corey Crawford without a rebound.
4:09 of 3rd period - Brandon Sutter wins face-off versus Phillip Danault in Devils zone.
4:17 of 3rd period - James Neal is hit by Oliver Ekman-Larsson and loses puck.
4:22 of 3rd period - Shot by Drew Stafford.
4:22 of 3rd period - Shot Blocked by Michael Del Zotto.
4:26 of 3rd period - Shot by Drew Stafford.
4:26 of 3rd period - Shot Misses the Net.
4:44 of 3rd period - Shot by Drew Stafford.
4:44 of 3rd period - Stopped by Scott Darling without a rebound.
4:45 of 3rd period - Mikko Koivu wins face-off versus Connor McDavid in Rangers zone.
5:00 of 3rd period - Icing by Alex Goligoski.
5:01 of 3rd period - Connor McDavid wins face-off versus Colin Greening in Rangers zone.
5:10 of 3rd period - Shot by Connor McDavid.
5:10 of 3rd period - Shot Misses the Net.
5:21 of 3rd period - Icing by Ryan Pulock.
5:22 of 3rd period - Phillip Danault wins face-off versus Colin Greening in Devils zone.
5:25 of 3rd period - Shot by Ondrej Palat.
5:25 of 3rd period - Goal by Ondrej Palat - Devils : 2 - Rangers : 4.
5:26 of 3rd period - Mark Letestu wins face-off versus Brandon Sutter in neutral zone.
5:42 of 3rd period - Shot by Drew Stafford.
5:42 of 3rd period - Shot Misses the Net.
5:46 of 3rd period - Shot by Brandon Sutter.
5:46 of 3rd period - Shot Misses the Net.
5:48 of 3rd period - Shot by Drew Stafford.
5:48 of 3rd period - Shot Misses the Net.
5:50 of 3rd period - Shot by Brandon Sutter.
5:50 of 3rd period - Shot Misses the Net.
5:52 of 3rd period - Shot by James Neal.
5:52 of 3rd period - Shot Misses the Net.
6:00 of 3rd period - Shot by James Neal.
6:00 of 3rd period - Deflect By Drew Stafford.
6:00 of 3rd period - Shot Blocked by Oliver Ekman-Larsson.
6:02 of 3rd period - Shot by Brandon Sutter.
6:02 of 3rd period - Shot Blocked by Oliver Ekman-Larsson.
6:04 of 3rd period - Shot by James Neal.
6:04 of 3rd period - Shot Misses the Net.
6:35 of 3rd period - Tyler Johnson is hit by Connor McDavid and loses puck.
6:45 of 3rd period - Mikko Koivu is hit by Connor McDavid and loses puck.
6:54 of 3rd period - Shot by Tyler Johnson.
6:54 of 3rd period - Shot Misses the Net.
7:00 of 3rd period - Shot by Craig Smith.
7:00 of 3rd period - Shot Misses the Net.
7:02 of 3rd period - Shot by Craig Smith.
7:02 of 3rd period - Shot Blocked by Dennis Seidenberg.
7:04 of 3rd period - Shot by Craig Smith.
7:04 of 3rd period - Shot Misses the Net.
7:17 of 3rd period - Icing by Mikko Koivu.
7:18 of 3rd period - Mikko Koivu wins face-off versus Cedric Paquette in Devils zone.
7:18 of 3rd period - Valtteri Filppula is hit by Cedric Paquette and loses puck.
7:25 of 3rd period - Minor Penalty to Nick Schultz for Hooking.
7:26 of 3rd period - Phillip Danault wins face-off versus Brandon Sutter in Rangers zone.
7:26 of 3rd period - Alex Goligoski is hit by Colin Greening and loses puck.
7:33 of 3rd period - Shot by Trevor Daley.
7:33 of 3rd period - Shot Blocked by Oliver Ekman-Larsson.
7:35 of 3rd period - Shot by Michal Rozsival.
7:35 of 3rd period - Stopped by Scott Darling without a rebound.
7:36 of 3rd period - Mark Letestu wins face-off versus Brandon Sutter in Rangers zone.
7:36 of 3rd period - Mark Letestu is hit by Brandon Sutter.
7:56 of 3rd period - Brandon Sutter is hit by Oliver Ekman-Larsson and loses puck.
8:06 of 3rd period - Icing by Drew Stafford.
8:07 of 3rd period - Mark Letestu wins face-off versus Brandon Sutter in Devils zone.
8:36 of 3rd period - Alex Goligoski is hit by Mikko Koivu and loses puck.
8:51 of 3rd period - Shot by James Neal.
8:51 of 3rd period - Shot Misses the Net.
9:00 of 3rd period - Off-side.
9:01 of 3rd period - Brandon Sutter wins face-off versus Benoit Pouliot in neutral zone.
9:13 of 3rd period - Shot by Brandon Sutter.
9:13 of 3rd period - Shot Misses the Net.
9:15 of 3rd period - Shot by Brandon Sutter.
9:15 of 3rd period - Shot Misses the Net.
9:46 of 3rd period - Icing by Justin Falk.
9:47 of 3rd period - Colin Greening wins face-off versus Connor McDavid in Rangers zone.
10:05 of 3rd period - Connor McDavid is hit by Dougie Hamilton and loses puck.
10:11 of 3rd period - Icing by Dougie Hamilton.
10:12 of 3rd period - Phillip Danault wins face-off versus Colin Greening in Devils zone.
10:45 of 3rd period - Shot by Drew Stafford.
10:45 of 3rd period - Shot Blocked by Oliver Ekman-Larsson.
10:51 of 3rd period - Shot by Brandon Sutter.
10:51 of 3rd period - Stopped by Scott Darling without a rebound.
10:52 of 3rd period - Mikko Koivu wins face-off versus Cedric Paquette in Rangers zone.
10:54 of 3rd period - Valtteri Filppula is hit by Matt Niskanen.
10:59 of 3rd period - Icing by Alex Goligoski.
11:00 of 3rd period - James Neal wins face-off versus Cedric Paquette in Rangers zone.
11:03 of 3rd period - Shot by Brandon Sutter.
11:03 of 3rd period - Shot Misses the Net.
11:14 of 3rd period - Minor Penalty to Cedric Paquette for Holding.
11:15 of 3rd period - Mikko Koivu wins face-off versus Mark Letestu in Rangers zone.
12:41 of 3rd period - Shot by Drew Stafford.
12:41 of 3rd period - Shot Misses the Net.
12:43 of 3rd period - Shot by Brandon Sutter.
12:43 of 3rd period - Shot Blocked by Michael Del Zotto.
12:45 of 3rd period - Shot by Brandon Sutter.
12:45 of 3rd period - Goal by Brandon Sutter - Devils : 3 - Rangers : 4.
12:46 of 3rd period - Ales Hemsky wins face-off versus Connor McDavid in neutral zone.
13:41 of 3rd period - Minor Penalty to Cedric Paquette for Holding.
13:42 of 3rd period - Mark Letestu wins face-off versus Mikko Koivu in Rangers zone.
13:42 of 3rd period - Mark Letestu is hit by James Neal.
15:45 of 3rd period - Darren Helm is hit by Justin Falk.
15:49 of 3rd period - Shot by Johan Franzen.
15:49 of 3rd period - Shot Misses the Net.
16:00 of 3rd period - Conor Sheary is hit by Dennis Seidenberg.
16:06 of 3rd period - Shot by Connor McDavid.
16:06 of 3rd period - Deflect By Conor Sheary.
16:06 of 3rd period - Shot Misses the Net.
17:17 of 3rd period - Icing by David Jones.
17:18 of 3rd period - Brandon Sutter wins face-off versus Brandon Pirri in Rangers zone.
17:21 of 3rd period - Shot by James Neal.
17:21 of 3rd period - Stopped by Scott Darling without a rebound.
17:22 of 3rd period - Brandon Sutter wins face-off versus Phillip Danault in Rangers zone.
17:23 of 3rd period - Shot by Dougie Hamilton.
17:23 of 3rd period - Stopped by Scott Darling without a rebound.
17:24 of 3rd period - Brandon Sutter wins face-off versus Phillip Danault in Rangers zone.
17:27 of 3rd period - Shot by James Neal.
17:27 of 3rd period - Shot Misses the Net.
17:31 of 3rd period - Shot by James Neal.
17:31 of 3rd period - Goal by James Neal - Devils : 4 - Rangers : 4.
17:32 of 3rd period - Drew Stafford wins face-off versus Mark Letestu in neutral zone.
17:59 of 3rd period - Shot by James Neal.
17:59 of 3rd period - Stopped by Scott Darling without a rebound.
18:00 of 3rd period - Cedric Paquette wins face-off versus Tyler Johnson in Rangers zone.
18:05 of 3rd period - Dennis Seidenberg is hit by Dale Weise and loses puck.
18:28 of 3rd period - Shot by Benoit Pouliot.
18:28 of 3rd period - Shot Blocked by Shayne Gostisbehere.
18:30 of 3rd period - Shot by Nick Schultz.
18:30 of 3rd period - Stopped by Corey Crawford without a rebound.
18:31 of 3rd period - Phillip Danault wins face-off versus Brandon Sutter in Devils zone.
18:51 of 3rd period - Shot by James Neal.
18:51 of 3rd period - Shot Misses the Net.
18:55 of 3rd period - Shot by James Neal.
18:55 of 3rd period - Shot Misses the Net.
19:32 of 3rd period - Shot by Valtteri Filppula.
19:32 of 3rd period - Shot Blocked by Michael Del Zotto.
19:40 of 3rd period - Shot by Tyler Johnson.
19:40 of 3rd period - Stopped by Scott Darling without a rebound.
19:41 of 3rd period - Colin Greening wins face-off versus Cedric Paquette in Rangers zone.
Goals for this period are 2 for Devils vs 2 for Rangers.
Shots for this period are 13 for Devils vs 4 for Rangers.

Overtime #1


0:01 of 1st overtime period - Phillip Danault wins face-off versus Mikko Koivu in neutral zone.
0:18 of 1st overtime period - Shot by Phillip Danault.
0:18 of 1st overtime period - Shot Misses the Net.
0:28 of 1st overtime period - Shot by Craig Smith.
0:28 of 1st overtime period - Stopped by Corey Crawford with a rebound.
0:31 of 1st overtime period - Icing by Michal Rozsival.
0:32 of 1st overtime period - Brandon Pirri wins face-off versus Mikko Koivu in Devils zone.
0:51 of 1st overtime period - Shot by Benoit Pouliot.
0:51 of 1st overtime period - Stopped by Corey Crawford without a rebound.
0:52 of 1st overtime period - Phillip Danault wins face-off versus Tyler Johnson in Devils zone.
1:03 of 1st overtime period - Shot by Craig Smith.
1:03 of 1st overtime period - Stopped by Corey Crawford without a rebound.
1:04 of 1st overtime period - Mikko Koivu wins face-off versus Phillip Danault in Devils zone.
1:17 of 1st overtime period - Shot by James Neal.
1:17 of 1st overtime period - Deflect By Mikko Koivu.
1:17 of 1st overtime period - Stopped by Scott Darling with a rebound.
1:27 of 1st overtime period - Shot by Phillip Danault.
1:27 of 1st overtime period - Shot Misses the Net.
2:59 of 1st overtime period - Shot by Drew Stafford.
2:59 of 1st overtime period - Stopped by Scott Darling without a rebound.
3:00 of 1st overtime period - Mikko Koivu wins face-off versus Phillip Danault in Rangers zone.
3:16 of 1st overtime period - Shot by Brandon Pirri.
3:16 of 1st overtime period - Shot Blocked by Dougie Hamilton.
3:22 of 1st overtime period - Shot by Brandon Pirri.
3:22 of 1st overtime period - Deflect By Phillip Danault.
3:22 of 1st overtime period - Shot Misses the Net.
3:26 of 1st overtime period - Shot by Brandon Pirri.
3:26 of 1st overtime period - Shot Blocked by Dougie Hamilton.
4:02 of 1st overtime period - Shot by Connor McDavid.
4:02 of 1st overtime period - Stopped by Corey Crawford without a rebound.
4:03 of 1st overtime period - Valtteri Filppula wins face-off versus Craig Smith in Devils zone.
4:16 of 1st overtime period - Shot by Tyler Johnson.
4:16 of 1st overtime period - Stopped by Scott Darling without a rebound.
4:17 of 1st overtime period - Valtteri Filppula wins face-off versus Phillip Danault in Rangers zone.
4:30 of 1st overtime period - Shot by Brandon Sutter.
4:30 of 1st overtime period - Shot Misses the Net.
4:32 of 1st overtime period - Shot by Brandon Sutter.
4:32 of 1st overtime period - Stopped by Scott Darling without a rebound.
4:33 of 1st overtime period - Mikko Koivu wins face-off versus Phillip Danault in Rangers zone.
Goals for this period are 0 for Devils vs 0 for Rangers.
Shots for this period are 4 for Devils vs 4 for Rangers.

ShootOut


5:00 of 1st overtime period - Penalty Shot by Mikko Koivu for Devils.
5:00 of 1st overtime period - Goal by Mikko Koivu.
5:00 of 1st overtime period - Penalty Shot by Oliver Ekman-Larsson for Rangers.
5:00 of 1st overtime period - Stopped by Corey Crawford.
5:00 of 1st overtime period - Penalty Shot by James Neal for Devils.
5:00 of 1st overtime period - Goal by James Neal.
5:00 of 1st overtime period - Penalty Shot by Connor McDavid for Rangers.
5:00 of 1st overtime period - Stopped by Corey Crawford.